 Dungeon Crawl Stone Soup version 0.19-a0-1937-g70ed36a (webtiles) character file.

77 spe3d0 the Firebug (level 4, -1/24 HPs)
             Began as a Deep Elf Fire Elementalist on Oct 27, 2016.
             Slain by an orc (3 damage)
             ... on level 4 of the Dungeon.
             The game lasted 00:07:14 (1856 turns).

spe3d0 the Firebug (Deep Elf Fire Elementalist)     Turns: 1856, Time: 00:07:15

Health: -1/24      AC:  2    Str:  5    XL:     4   Next: 14%
Magic:  2/11       EV: 14    Int: 21    God:
Gold:   61         SH:  0    Dex: 15    Spells: 2 memorised, 7 levels left

rFire  . . .     SeeInvis .     h - +2 dagger (holy)
rCold  . . .     Gourm    .     a - +0 robe
rNeg   . . .     Faith    .     (no shield)
rPois  .         Spirit   .     (no helmet)
rElec  .         Reflect  .     (no cloak)
rCorr  .         Harm     .     (no gloves)
MR     .....                    (no boots)
Stlth  ++........               (no amulet)
                                (no ring)
                                k - ring of loudness (curse)

@: no status effects
A: no striking features
a: no special abilities


You were on level 4 of the Dungeon.
You were not hungry.

You visited 1 branch of the dungeon, and saw 5 of its levels.

You collected 61 gold pieces.


   Skills:
 * Level 3.6 Dodging
 * Level 3.7 Stealth
 * Level 3.7 Spellcasting
 - Level 1.1 Conjurations
 * Level 3.8 Fire Magic


You had 7 spell levels left.
You knew the following spells:

 Your Spells              Type           Power        Failure   Level  Hunger
f - Throw Flame           Conj/Fire      ##....       10%         2    ##.....
z - Flame Tongue          Conj/Fire      ##...        6%          1    None

Inventory:

Hand Weapons
 h - a +2 dagger of holy wrath (weapon)
Armour
 a - a +0 robe (worn)
Jewellery
 k - a cursed ring of loudness (left hand)
Wands
 o - a wand of confusion (18/48)
Scrolls
 d - 2 scrolls of teleportation {@r4}
 f - 3 scrolls of identify {@r1}
 l - a scroll of fear {unknown}
 n - a scroll of remove curse {unknown}
Potions
 e - a potion of heal wounds {unknown}
 g - a potion of invisibility {unknown}
 i - 2 potions of curing {unknown}
 j - 2 potions of agility
 p - a potion of mutation {unknown}
Books
 b - a book of Flames

   Spells                             Type                      Level
   a - Flame Tongue                   Conjuration/Fire             1
   b - Throw Flame                    Conjuration/Fire             2
   c - Conjure Flame                  Conjuration/Fire             3
   d - Inner Flame                    Hexes/Fire                   3
   e - Sticky Flame                   Conjuration/Fire             4
   f - Fireball                       Conjuration/Fire             5
Comestibles
 c - 2 bread rations {@e1}
 m - 2 meat rations {@e1}

Dungeon Overview and Level Annotations

Branches:
Dungeon (5/15)
 Temple: D:4-7

Altars:

Annotations:
D:3 Sigmund
D:5 Blork the orc, Terence

#. #.. ..#
..### .... ..##
# #..##....
#@.......
#.....o........
...............
.....###.##....
...<. .# ###
#..# .. ...
.....# #.... ..
....##..#.#
##..........


You could see an orc.


Message History

Terence misses you.
The crimson imp shouts!
The crimson imp blinks!
Found a chain mail.
Blork the orc comes into view.
He is wielding a short sword.
Blork the orc moves out of view.
The quokka skeleton bites you.
* * * LOW HITPOINT WARNING * * *
The quokka skeleton bites you.
* * * LOW HITPOINT WARNING * * *
The quokka skeleton completely misses you.
There is an escape hatch in the ceiling here.
The crimson imp blinks!
The quokka skeleton bites you.
* * * LOW HITPOINT WARNING * * *
A mysterious force pulls you upwards. The hatch slams shut behind you.
You hear the sound of rushing water.
There is an entrance to a sewer on this level.
Hurry and find it before the portal rusts away!
An orc comes into view.
The orc hits you.
* * * LOW HITPOINT WARNING * * *
Found a stone staircase leading up.
Casting: Flame Tongue
Confirm with . or Enter, or press ? or * to list all spells.
Aiming: Flame Tongue
Press: ? - help, Shift-Dir - straight line, f - orc
Aim: an orc The flame tongue hits the orc.
The orc is heavily wounded.
The orc hits you.
You die...

Skill      XL: |  1  2 |
---------------+-------+-----
Dodging        | 3 |  3.6
Stealth        | 3 |  3.7
Spellcasting   | |  3.7
Conjurations   | |  1.1
Fire Magic     | |  3.8

Action                   |  1- 3 |  4- 6 || total
-------------------------+-------+-------++-------
Melee: Dagger            |     8 |     7 ||    15
 Cast: Flame Tongue      |    27 |     8 ||    35
       Throw Flame       |    31 |     4 ||    35
Evoke: Wand              |       |     2 ||     2
  Use: Scroll            |     3 |       ||     3
  Eat: Chunk             |     3 |     1 ||     4
Armor: Robe              |     4 |     2 ||     6
Dodge: Dodged            |    17 |    19 ||    36

Vault maps used:
D:1:      dpeg_arrival_simpleton_a, serial_bayou_pond_e, st_stairs_9
D:3:      ecumenical_altar_2, uniq_sigmund, uniq_terence
D:4:      kennysheep_goblin_castle, portal_sewer_entry_d,
          kennysheep_flooded_box, minmay_shop_grid_forest
D:5:      kennysheep_steamy, gammafunk_temple_overflow_forgotten, first_bread,
          uniq_edmund, uniq_pikel, uniq_blork_the_orc

Notes
Turn   | Place    | Note
-------+----------+-------------------------------------------
     0 | D:1      | spe3d0 the Deep Elf Fire Elementalist began the quest for the Orb.
     0 | D:1      | Reached XP level 1. HP: 10/10 MP: 6/6
    72 | D:1      | Reached XP level 2. HP: 15/15 MP: 0/8
    76 | D:1      | Learned a level 2 spell: Throw Flame
   191 | D:1      | Reached skill level 3 in Dodging
   816 | D:2      | Reached skill level 3 in Stealth
   907 | D:2      | Reached XP level 3. HP: 19/19 MP: 2/9
  1739 | D:3      | Reached XP level 4. HP: 23/24 MP: 2/11
  1792 | D:3      | Noticed Sigmund
  1797 | D:3      | Noticed Terence
  1824 | D:5      | Entered Level 5 of the Dungeon
  1840 | D:5      | Noticed Blork the orc
  1855 | D:4      | HP: 2/24 [orc (5)]
  1856 | D:4      | Slain by an orc

Vanquished Creatures
  4 adders
  An ooze (D:1)
  A worm (D:2)
  A leopard gecko (D:1)
  4 bats
  A giant cockroach (D:2)
  4 goblins
  6 hobgoblins
  6 kobolds
  6 rats
34 creatures vanquished.
